 Dungeon Crawl Stone Soup version 0.23-a0-644-gb60d84b (webtiles) character file.

262 Lanoc the Gusty (level 6, -1/32 HPs)
             Began as a Tengu Air Elementalist on Jan 1, 2019.
             Killed from afar by Sigmund (11 damage)
             ... with a puff of flame
             ... on level 4 of the Dungeon.
             The game lasted 00:14:48 (3346 turns).

Lanoc the Gusty (Tengu Air Elementalist)            Turns: 3346, Time: 00:14:49

Health: -1/32      AC:  4    Str:  8    XL:     6   Next: 18%
Magic:  3/11       EV: 14    Int: 17    God:
Gold:   111        SH:  0    Dex: 15    Spells: 6/11 levels left

rFire    . . .     SeeInvis .   f - +1 flail (protect)
rCold    . . .     Gourm    .   (no shield)
rNeg     . . .     Faith    .   a - +0 robe
rPois    .         Spirit   .   e - +2 hat
rElec    .         Reflect  .   (no cloak)
rCorr    .         Harm     .   (no gloves)
MR       .....                  (boots unavailable)
Stlth    ++........             (no amulet)
HPRegen  0.10/turn              h - ring of flight (curse)
MPRegen  0.12/turn              (no ring)

@: no status effects
A: beak, talons 3, able to fly 1
a: Fly, Evoke Flight


You were on level 4 of the Dungeon.
You were hungry.

You visited 2 branches of the dungeon, and saw 5 of its levels.

You collected 111 gold pieces.

Inventory:

Hand Weapons
 f - a +1 flail of protection (weapon)
Armour
 a - a +0 robe (worn)
 e - a +2 hat (worn)
Jewellery
 h - a cursed ring of flight (left hand)
Scrolls
 d - a scroll of teleportation
 i - a scroll of magic mapping {unknown}
Comestibles
 c - 5 rations


   Skills:
 + Level 3.4 Dodging
 - Level 2.0 Stealth
 + Level 3.0 Spellcasting
 * Level 4.4 Conjurations
 * Level 6.0 Air Magic


You had 6 spell levels left.
You knew the following spells:

 Your Spells              Type           Power        Failure   Level  Hunger
a - Shock                 Conj/Air       ###.         1%          1    None
b - Airstrike             Air            ###.......   14%         4    ####...

Your spell library contained the following spells:

 Spells                   Type           Power        Failure   Level  Hunger
 Static Discharge         Conj/Air       ###.....     6%          3    ###....
 Swiftness                Chrm/Air       ##......     8%          2    ##.....
 Lightning Bolt           Conj/Air       ###.......   50%         5    ######.


Dungeon Overview and Level Annotations

Branches:
Dungeon (4/15)             Temple (1/1) D:4

Altars:
Cheibriados
Dithmenos
Fedhas
Hepliaklqana
Makhleb
Nemelex Xobeh
Qazlal
Ru
Sif Muna
Trog
Uskayaw
Yredelemnul
Zin
The Shining One
Lugonu

Annotations:
D:4 Sigmund


Innate Abilities, Weirdness & Mutations

You have a beak for a mouth.
You have claws for feet.
You can fly.


Message History

Aim: Sigmund, wielding a +0 scythe and wearing a +0 robe (severely wounded, The zap hits Sigmund.
Sigmund resists.
Sigmund is severely wounded.
Sigmund casts a spell.
Sigmund flickers and vanishes!
Deactivating autopickup; reactivate with Ctrl-A.
A puff of flame appears from out of thin air!
The puff of flame hits you!
All of the chunks of flesh in your inventory have rotted away.
A puff of flame appears from out of thin air!
The puff of flame hits you!
A puff of flame appears from out of thin air!
The puff of flame hits you!
* * * LOW HITPOINT WARNING * * *
Found a stone staircase leading down.
You feel better.
Found 20 stones.
A puff of flame appears from out of thin air!
The puff of flame hits you!
You die...

.. .# ..## ..##### #.
....(.# ... ##.... ....
##...#
...$........##..@>##
........ ..........##
#...... ###........#
#.$... .#........###
.....# ........###
.....###...##.....######
..........###..........##
......# #.##......<.....#
......###..##.........###


There were no monsters in sight!

Vanquished Creatures
  2 orc priests
  A worker ant (D:4)
  2 hound zombies (D:3)
  5 adders
  An adder zombie (D:1)
  A worm (D:2)
  A dart slug (D:3)
  A leopard gecko (D:3)
  15 orcs
  A ball python (D:3)
  9 bats
  4 giant cockroaches
  4 hobgoblins
  8 jackals
  A quokka (D:3)
  2 ball python zombies
  2 frilled lizards
  9 goblins
  A jackal zombie (D:3)
  6 kobolds
  7 rats
83 creatures vanquished.

Notes
Turn   | Place    | Note
-------+----------+-------------------------------------------
     0 | D:1      | Lanoc the Tengu Air Elementalist began the quest for the
                  | Orb.
     0 | D:1      | Reached XP level 1. HP: 10/10 MP: 4/4
   216 | D:1      | Reached XP level 2. HP: 15/15 MP: 3/6
   365 | D:1      | You fall through a shaft!
   415 | D:2      | Found a basalt altar of Yredelemnul.
   415 | D:2      | Found a glowing golden altar of the Shining One.
   419 | D:2      | Noticed an angel
   495 | D:2      | Noticed a profane servitor
   835 | D:2      | Reached XP level 3. HP: 19/19 MP: 3/7
   898 | D:2      | Found a snail-covered altar of Cheibriados.
  1355 | D:2      | Reached XP level 4. HP: 13/24 MP: 1/8
  1583 | D:2      | Reached skill level 5 in Air Magic
  1852 | D:3      | Gained mutation: You can fly. [Tengu growth]
  1852 | D:3      | Reached XP level 5. HP: 26/28 MP: 0/10
  2423 | D:3      | Learned a level 4 spell: Airstrike
  2425 | D:3      | Found a stormy altar of Qazlal.
  2525 | D:3      | Found a glowing silver altar of Zin.
  2876 | D:3      | Reached XP level 6. HP: 19/32 MP: 0/11
  3126 | D:4      | Reached skill level 6 in Air Magic
  3257 | D:4      | Found a staircase to the Ecumenical Temple.
  3269 | Temple   | Entered the Ecumenical Temple
  3306 | D:4      | Noticed Sigmund
  3340 | D:4      | HP: 1/32 [something/puff of flame (10)]
  3346 | D:4      | Killed from afar by Sigmund

Vault maps used:
D:1:      saegor_arrival_fortress, minmay_splitting_lines
D:2:      grunt_temple_overflow_holy_war, overflow_temple_1_default,
          minmay_hexomino_f4
D:3:      marbit_many_paths, lemuel_doored_altar, serial_undead,
          serial_undead_b, serial_undead_f, serial_undead_d, serial_undead_d,
          portal_sewer_entry_d
D:4:      overflow_temple_1_default, temple_fountains, uniq_sigmund
Temple:   corrupted_temple

Skill      XL: |  1  2  3  4  5  6 |
---------------+-------------------+-----
Conjurations   | 2 3 4 |  4.4
Air Magic      | 5 6 |  6.0
Dodging        | 3 |  3.4
Spellcasting   | 3 |  3.0
Stealth        | |  2.0

Action                   |  1- 3 |  4- 6 || total
-------------------------+-------+-------++-------
Melee: Unarmed           |     7 |    13 ||    20
       Kick              |       |     7 ||     7
       Peck              |       |     3 ||     3
       Flail             |       |    11 ||    11
 Cast: Shock             |    56 |    99 ||   155
       Airstrike         |       |     4 ||     4
  Use: Potion            |     1 |     1 ||     2
       Scroll            |       |     4 ||     4
 Stab: Sleeping          |       |     1 ||     1
  Eat: Chunk             |     2 |     7 ||     9
Armor: Robe              |     3 |    33 ||    36
Dodge: Dodged            |    24 |    93 ||   117

Table legend:
 A = Non-vault XP
 B = Vault XP
 C = Vault XP percentage of total XP
 D = Non-vault monster count
 E = Vault monster count
 F = Vault count percentage of total count
                 A         B        C        D         E       F
            +---------+---------+-------+---------+---------+-------
      Total |     275 |     100 |  26.7 |      70 |      13 |  15.7
            +---------+---------+-------+---------+---------+-------
        D:1 |      11 |       6 |  35.3 |       6 |       2 |  25.0
        D:2 |      85 |      24 |  22.0 |      26 |       5 |  16.1
        D:3 |     145 |      70 |  32.6 |      37 |       6 |  14.0
        D:4 |      34 |       0 |   0.0 |       1 |       0 |   0.0
            +---------+---------+-------+---------+---------+-------
